 Dungeon Crawl Stone Soup version 0.14-a0-2746-g43b4f9c (webtiles) character file.

214 Neoxx the Slasher (level 5, -8/36 HPs)
             Began as a Formicid Fighter on Feb 23, 2014.
             Mangled by a gnoll
             ... wielding a +4,+0 halberd
              (14 damage)
             ... on Level 2 of the Dungeon.
             The game lasted 00:03:59 (1569 turns).

Neoxx the Slasher (Formicid Fighter)                Turns: 1569, Time: 00:03:59

HP  -8/36        AC  7     Str 22      XL: 5   Next: 35%
MP   5/5         EV  6     Int  7      God:
Gold 106         SH 18     Dex 10      Spells:  0 memorised,  4 levels left

rFire  . . .     SeeInvis +     a - +0 falchion
rCold  . . .     Clarity  .     b - +0 scale mail
rNeg   . . .     Conserve +     c - +0 shield
rPois  .         rCorr    .     (helmet unavailable)
rElec  .         rRot     .     (no cloak)
SustAb . .       Spirit   .     (no gloves)
rMut   .         Warding  .     (no boots)
Saprov . . .     Stasis   +     j - amulet of conservation {unknown}
MR     .....                    (no ring)
                                u - ring of poison resistance {unknown}

@: not resistant to hostile enchantments, extremely unstealthy
A: permanent stasis, dig shafts and tunnels, four strong arms, poison weakness,
antennae 3, exoskeleton 1
a: Dig, Shaft Self


You were on level 2 of the Dungeon.
You were near starving.

You visited 1 branch of the dungeon, and saw 2 of its levels.

You collected 106 gold pieces.

Inventory:

Hand weapons
 a - a +0,+0 falchion (weapon)
Missiles
 e - 12 stones (quivered)
 g - 25 bolts
Armour
 b - a +0 scale mail (worn)
 c - a +0 shield (worn)
Comestibles
 d - 2 bread rations
 p - a meat ration
Scrolls
 f - a scroll of fog {unknown}
 h - 2 scrolls of identify {unknown}
 l - a scroll of blinking {unknown}
 n - a scroll of immolation {unknown}
 o - a scroll of enchant weapon II {unknown}
 q - a scroll of amnesia {unknown}
 s - a scroll of curse weapon {unknown}
 t - 2 scrolls of teleportation {unknown}
Jewellery
 j - an amulet of conservation (around neck) {unknown}
 u - a ring of poison resistance (left hand) {unknown}
Potions
 i - a potion of lignification {unknown}
 k - a potion of porridge
 m - a potion of paralysis {unknown}
 r - a potion of curing {unknown}
 v - a potion of heal wounds
Carrion
 w - a goblin corpse


   Skills:
 - Level 3.0 Fighting
 + Level 4.6 Long Blades
 - Level 3.6 Armour
 - Level 1.0 Dodging
 - Level 3.0 Shields


You had 4 spell levels left.
You didn't know any spells.

Dungeon Overview and Level Annotations

Branches:
Dungeon (2/16)

Altars:
Makhleb


Innate Abilities, Weirdness & Mutations

Your are under a permanent stasis effect.
You can dig through walls and to a lower floor.
Your four strong arms can wield any weapon, most with a shield.
You are susceptible to poison.
You have a pair of large antennae on your head (SInv).
Your body is surrounded by an exoskeleton. (AC +1)


Message History

The gnoll barely misses you.
You slash the gnoll!
You kill the gnoll!
You barely miss the gnoll.
The gnoll picks up a halberd.
The gnoll wields a halberd.
You hit the gnoll.
The gnoll is lightly wounded.
You are near starving!
The gnoll barely misses you.
You hit the gnoll.
The gnoll is moderately wounded.
The gnoll hits you with a halberd!
You hit the gnoll.
The gnoll is heavily wounded.
The gnoll hits you with a halberd!
* * * LOW HITPOINT WARNING * * *
You hit the gnoll.
The gnoll is severely wounded.
The gnoll hits you with a halberd!
You die...

#...# #### ...###...#
............... {
............... ...
#...#######
#.###...#######
###.#............
##g#.#........####
#@#...........# #
####....#.....# #
####..{.#.#...#
#.#.{.....#...# {
##).......##.#####
#######.....(.##.....#
.......##g##.#........#
#.....##.##.#.(......#
.......##g##....(.##...


You could see a gnoll.

Vanquished Creatures
  4 gnolls (D:2)
  4 adders (D:2)
  A worm (D:2)
  3 giant geckos (D:1)
  4 bats
  3 hobgoblins (D:1)
  3 giant newts
  5 goblins
  4 kobolds
  3 rats
34 creatures vanquished.

Notes
Turn   | Place    | Note
--------------------------------------------------------------
     0 | D:1      | Neoxx, the Formicid Fighter, began the quest for the Orb.
     0 | D:1      | Reached XP level 1. HP: 16/16 MP: 1/1
   117 | D:1      | Reached XP level 2. HP: 17/21 MP: 2/2
   434 | D:1      | Reached XP level 3. HP: 26/26 MP: 3/3
   572 | D:1      | Reached skill level 1 in Dodging
   871 | D:2      | Found a burning altar of Makhleb.
  1106 | D:2      | Reached XP level 4. HP: 21/31 MP: 4/4
  1164 | D:2      | Reached skill level 4 in Long Blades
  1454 | D:2      | Reached XP level 5. HP: 34/36 MP: 5/5
  1569 | D:2      | Mangled by a gnoll

Action                   |  1- 3 |  4- 6 || total
-------------------------+-------+-------++-------
Melee: Falchion          |    87 |    61 ||   148
Throw: Stone             |     8 |     4 ||    12
 Abil: Dig               |       |     2 ||     2
  Use: Potion            |       |     1 ||     1
